Cogmind - Beta 11 X7 @@@ ROGUE MODE // 2021.09.05 @ 22:36:47 Player: kasaphescent Result: Self-destructed Performance ------------- Evolutions (2) 1000 Regions Visited (4) 800 Robots Destroyed (44) 220 Value Destroyed (1051) 1051 Prototype IDs (2) 40 Alien Tech Used (0) 0 Bonus (0) 0 TOTAL SCORE: 3111 Bonus ------- None Cogmind --------- Core Integrity 494/550 Matter 285/300 Energy 229/265 System Corruption 0% Temperature Warm (169) Movement Walking (200) Ox1 Location -8/Materials Parts ------- > --- POWER (1) -------- Improved Ion Engine > --- PROPULSION (4) --- Aluminum Leg Aluminum Leg > --- UTILITY (4) ------ Heat Sink Large Storage Unit Visual Processing Unit > --- WEAPON (2) ------- Improved EM Shotgun Heavy Particle Gun > --- INVENTORY (15) --- Deuterium Engine Medium Armor Plating Improved EM Shotgun Beam Rifle Heavy Particle Gun Heavy Particle Gun Rocket Launcher Flail Peak State ------------ > --- POWER ------------ Improved Ion Engine > --- PROPULSION ------- Aluminum Leg Aluminum Leg Aluminum Leg Aluminum Leg > --- UTILITY ---------- Improved Heat Sink Large Storage Unit Visual Processing Unit Medium Armor Plating > --- WEAPON ----------- Improved EM Shotgun Heavy Particle Gun > --- INVENTORY -------- Deuterium Engine Aluminum Leg Aluminum Leg Aluminum Leg Heat Sink Heat Sink Medium Armor Plating Improved EM Shotgun Improved EM Shotgun Beam Rifle Heavy Particle Gun Heavy Particle Gun Rocket Launcher Flail [Rating: 24] Favorites ----------- Power Improved Ion Engine Engine Improved Ion Engine Propulsion Aluminum Leg Leg Aluminum Leg Wheel Wheel Utility Heat Sink Device Heat Sink Storage Large Storage Unit Processor Visual Processing Unit Protection Medium Armor Plating Weapon Small Laser Energy Gun Small Laser Launcher Rocket Launcher Special Weapon Plasma Cutter Build | -11 -10 -10 -9 -8 ------- Run | Scr Mat Min Mat Mat Slots Evolved 4 | . . . 2 2 Power . | . . . . . Propulsion 2 | . . . 2 . Utility 2 | . . . . 2 Weapon . | . . . . . Parts Attached 52 | 6 10 . 26 10 Power 6 | 1 4 . 1 . Engine 6 | 1 4 . 1 . Core . | . . . . . Reactor . | . . . . . Propulsion 20 | 2 3 . 11 4 Treads . | . . . . . Leg 19 | 2 3 . 10 4 Wheel 1 | . . . 1 . Hover . | . . . . . Flight . | . . . . . Utility 10 | 1 1 . 4 4 Device 6 | . 1 . 3 2 Storage 2 | 1 . . 1 . Processor 1 | . . . . 1 Hackware . | . . . . . Protection 1 | . . . . 1 Artifact . | . . . . . Weapon 16 | 2 2 . 10 2 Energy Gun 9 | 2 2 . 3 2 Energy Cannon . | . . . . . Ballistic Gun . | . . . . . Ballistic Cannon . | . . . . . Launcher 2 | . . . 2 . Special Weapon 5 | . . . 5 . Impact Weapon . | . . . . . Slashing Weapon . | . . . . . Piercing Weapon . | . . . . . Special Melee Weapon . | . . . . . Unidentified Prototypes 2 | . . . 1 1 Parts Lost 18 | . 2 . 7 9 Power 1 | . 1 . . . Propulsion 9 | . . . 3 6 Utility 2 | . . . . 2 Weapon 6 | . 1 . 4 1 Highest Loss Streak 8 | . 1 . 3 8 Average Slot Usage (%) 96 | . 85 100 99 99 Engine 11 | . 13 14 11 9 Leg 37 | . 27 28 43 35 Device 8 | . 2 14 10 9 Storage 11 | . 14 14 11 9 Processor 2 | . . . . 9 Protection 2 | . . . . 9 Energy Gun 17 | . 27 28 15 12 Special Weapon 4 | . . . 6 5 Naked Turns . | . . . . . Heaviest Build 41 | 11 14 14 32 41 Greatest Support 40 | 20 20 20 40 40 Greatest Overweight (x) 3 | 1 . . 3 1 Average Overweight (x) . | . . . . . Largest Inventory Capacity 15 | 8 8 8 15 15 Average Capacity 12 | 7 8 8 14 15 Most Carried 15 | 6 8 8 15 15 Average Carried 10 | 4 7 7 11 13 Final Capacity 15 | 8 8 8 15 15 Final Carried 15 | 6 8 7 15 8 Class Distribution -------------------- 51% | Mutant 48% | Scavenger-Mutant Dominant Class ---------------- Mutant | -10/Materials Mutant | -10/Mines Scavenger-Mutant | -9/Materials Scavenger-Mutant | -8/Materials Resources | -11 -10 -10 -9 -8 ----------- Run | Scr Mat Min Mat Mat Matter Collected 711 | 258 97 . 239 117 Remotely . | . . . . . Salvage Created 1629 | . 386 . 660 583 Parts 102 | . 22 . 48 32 Haulers Intercepted 5 | . 1 . 2 2 Recyclers Shooed 3 | . 1 . 2 . Parts Field Recycled . | . . . . . Retrieved Matter . | . . . . . Parts Self-Destructed . | . . . . . Prevented . | . . . . . Kills | -11 -10 -10 -9 -8 ------- Run | Scr Mat Min Mat Mat Combat Hostiles Destroyed 32 | . 7 . 17 8 Guns 23 | . 7 . 9 7 Cannons 5 | . . . 4 1 AOE 4 | . . . 4 . Classes Destroyed 9 | . 6 . 3 . Worker 2 | . . . 2 . Builder 1 | . 1 . . . Hauler 5 | . 1 . 2 2 Recycler 2 | . 1 . 1 . Watcher 2 | . 1 . 1 . Swarmer 11 | . 3 . 8 . Grunt 14 | . 4 . 5 5 Brawler 1 | . . . 1 . Sentry 6 | . . . 3 3 Best Kill Streak 5 | . 4 . 5 4 Combat Bots Only 5 | . 3 . 5 4 Max Kills in Single Turn 2 | . 1 . 2 1 Gunslinging . | . . . . . Exploded 2 | . . . 2 . Melee . | . . . . . Uniques/NPCs Destroyed . | . . . . . Combat | -11 -10 -10 -9 -8 -------- Run | Scr Mat Min Mat Mat Damage Taken 2020 | . 340 . 778 902 Core 333 | . 131 . 146 56 Absorbed by Shields . | . . . . . Core Remaining (%) 70 | 100 . 47 63 . Volleys Fired 141 | . 29 . 65 47 Largest 2 | . 2 . 2 2 Hottest 100 | . 90 . 90 100 Shots Fired 260 | . 57 . 117 86 Gun 203 | . 57 . 82 64 Cannon . | . . . . . Launcher 6 | . . . 6 . Special 51 | . . . 29 22 Kinetic . | . . . . . Thermal 226 | . 46 . 111 69 Explosive 6 | . . . 6 . Electromagnetic 28 | . 11 . . 17 Robot Hit Streak 13 | . 13 . 12 10 Robot Miss Streak 5 | . 3 . 5 4 Penetration Max . | . . . . . Secondary Targets 2 | . 2 . . . Max Gunslinging Chain 1 | . 1 . . . Shots Hit Robots 161 | . 37 . 64 60 Core Hits 75 | . 18 . 34 23 Critical Kills . | . . . . . Critical Parts Destroyed . | . . . . . Critical Strikes 5 | . 2 . 1 2 Burn 4 | . 2 . 1 1 Sever 1 | . . . . 1 Melee Attacks . | . . . . . Impact . | . . . . . Slashing . | . . . . . Piercing . | . . . . . Sneak Attacks . | . . . . . Combat Hostiles . | . . . . . Follow-up Attacks . | . . . . . Damage Inflicted 3033 | . 484 . 1308 1241 Guns 1930 | . 484 . 530 916 Cannons . | . . . . . Explosions 778 | . . . 594 184 Melee . | . . . . . Ramming . | . . . . . Kinetic . | . . . . . Thermal 2021 | . 382 . 714 925 Explosive 594 | . . . 594 . Electromagnetic 418 | . 102 . . 316 Impact . | . . . . . Slashing . | . . . . . Piercing . | . . . . . Highest Corruption . | . . . . . Average Corruption . | . . . . . Corruption Purged . | . . . . . Overload Shots . | . . . . . Overflow Damage 9 | . . . 9 . Projectiles . | . . . . . Explosions 9 | . . . 9 . Melee . | . . . . . Knockbacks . | . . . . . Impact . | . . . . . Kinetic . | . . . . . Secondary . | . . . . . Self-Inflicted Damage 4 | . . . 4 . Shots 1 | . . . 1 . Rammed . | . . . . . Targets Rammed . | . . . . . Kicked . | . . . . . Crushed . | . . . . . Highest Temperature 192 | . 192 . 3 169 Average Temperature 68 | . 74 . 3 60 Received Heat Transfer 882 | . 102 . 213 567 Siege Activations . | . . . . . Robots Corrupted . | . . . . . Combat Hostiles . | . . . . . Parts Fried . | . . . . . Impact Corruptions . | . . . . . Robots Melted . | . . . . . Combat Hostiles . | . . . . . Parts Melted 19 | . 4 . 7 8 Heat Transferred 5015 | . 1141 . 1972 1902 Parts Sabotaged . | . . . . . Parts Stolen . | . . . . . Parts Stripped . | . . . . . Power Chain Reactions 1 | . . . . 1 Missiles Intercepted . | . . . . . Alert | -11 -10 -10 -9 -8 ------- Run | Scr Mat Min Mat Mat Peak Influence 297 | . 194 . 297 235 Initial 65 | . . . . 65 Average 140 | . 120 . 166 137 Maximum Alert Level 1 | . . . 1 1 Low Security (%) 74 | 100 100 100 57 80 Level 1 25 | . . . 42 20 Level 2 . | . . . . . Level 3 . | . . . . . Level 4 . | . . . . . Level 5 . | . . . . . High Security . | . . . . . Max Security . | . . . . . Squads Dispatched 7 | . . . 4 3 Investigation 1 | . . . . 1 Extermination . | . . . . . Reinforcement 6 | . . . 4 2 Assault . | . . . . . Garrison . | . . . . . Intercept . | . . . . . Construction Impeded . | . . . . . Haulers Reinforced . | . . . . . Active Scanning Responses . | . . . . . Cargo Convoy Interrupts . | . . . . . Stealth | -11 -10 -10 -9 -8 --------- Run | Scr Mat Min Mat Mat Distress Signals 5 | . 1 . 1 3 Communications Jammed . | . . . . . Distress Signals . | . . . . . Times Spotted 57 | . 9 . 33 15 Peak Tracking Total 7 | . 3 . 7 6 Tactical Retreats 2 | . 1 . 1 . Traps | -11 -10 -10 -9 -8 ------- Run | Scr Mat Min Mat Mat Traps Triggered 7 | . 2 . 4 1 Indirectly . | . . . . . Trap Hack Attempts . | . . . . . Triggered . | . . . . . Disarmed . | . . . . . Reprogrammed . | . . . . . Reused . | . . . . . Traps Extracted . | . . . . . Installed . | . . . . . Triggered . | . . . . . Machines | -11 -10 -10 -9 -8 ---------- Run | Scr Mat Min Mat Mat Machines Disabled 2 | . . . 1 1 Max in Single Turn 1 | . . . 1 1 Machines Sabotaged . | . . . . . Garrisons Compromised . | . . . . . Overloaded Fab Kills . | . . . . . Fab Network Shutdowns . | . . . . . Hacking | -11 -10 -10 -9 -8 --------- Run | Scr Mat Min Mat Mat Machines Accessed 1 | . . . . 1 Terminals 1 | . . . . 1 Fabricators . | . . . . . Repair Stations . | . . . . . Recycling Units . | . . . . . Scanalyzers . | . . . . . Garrison Access . | . . . . . Total Hacks 2 | . . . . 2 Successful . | . . . . . Failed 2 | . . . . 2 Catastrophic . | . . . . . Database Lockouts . | . . . . . Manual . | . . . . . Terminals 2 | . . . . 2 Fabricators . | . . . . . Repair Stations . | . . . . . Recycling Units . | . . . . . Scanalyzers . | . . . . . Garrison Access . | . . . . . Terminal Hacks . | . . . . . Fabricator Hacks . | . . . . . Repair Station Hacks . | . . . . . Recycling Unit Hacks . | . . . . . Scanalyzer . | . . . . . Garrison Access Hacks . | . . . . . Unauthorized Hacks . | . . . . . Terminals . | . . . . . Fabricators . | . . . . . Repair Stations . | . . . . . Recycling Units . | . . . . . Scanalyzers . | . . . . . Garrison Access . | . . . . . Data Cores Recovered . | . . . . . Used . | . . . . . Hacking Detections 1 | . . . . 1 Full Trace Events . | . . . . . Feedback Events . | . . . . . Feedback Blocked . | . . . . . Robot Schematics Acquired . | . . . . . Robots Built . | . . . . . Matter . | . . . . . Time . | . . . . . Total Robot Build Rating . | . . . . . Part Schematics Acquired . | . . . . . Parts Built . | . . . . . Matter . | . . . . . Time . | . . . . . Total Part Build Rating . | . . . . . Parts Repaired . | . . . . . Time . | . . . . . Parts Recycled . | . . . . . Recycled Matter . | . . . . . Retrieved Matter . | . . . . . Retrieved Components . | . . . . . Parts Scanalyzed . | . . . . . Part Schematics Acquired . | . . . . . Parts Damaged . | . . . . . Bothacking | -11 -10 -10 -9 -8 ------------ Run | Scr Mat Min Mat Mat Used RIF Installer . | . . . . . Robots Hacked . | . . . . . Non-combat . | . . . . . Combat . | . . . . . Robot Hacks Applied . | . . . . . Relay Couplers Released . | . . . . . Robots Rewired . | . . . . . Allies Hacked . | . . . . . Hacks Repelled . | . . . . . Allies | -11 -10 -10 -9 -8 -------- Run | Scr Mat Min Mat Mat Total Allies . | . . . . . Largest Group . | . . . . . Highest-Rated Group . | . . . . . Highest-Rated Ally . | . . . . . Total Orders . | . . . . . Ally Attacks . | . . . . . Total Damage . | . . . . . Kills . | . . . . . Allies Corrupted . | . . . . . Allies Melted . | . . . . . Intel | -11 -10 -10 -9 -8 ------- Run | Scr Mat Min Mat Mat Robot Analysis Total . | . . . . . Derelict Logs Recovered . | . . . . . Drone Launches . | . . . . . Drone Recoveries . | . . . . . Exploration | -11 -10 -10 -9 -8 ------------- Run | Scr Mat Min Mat Mat Turns Passed 1795 | 47 419 39 835 455 Spaces Moved 932 | 29 253 27 426 197 Core 6 | 6 . . . . Treads . | . . . . . Legs 924 | 23 253 27 424 197 Wheels 2 | . . . 2 . Hover . | . . . . . Flight . | . . . . . Fastest Speed 50 | 50 120 120 120 120 Average Speed 123 | 110 120 120 121 135 Slowest Speed 200 | 200 120 120 200 200 Overloaded Moves . | . . . . . Propulsion Burnouts . | . . . . . Robots Hopped . | . . . . . Cave-ins Triggered . | . . . . . Exploration Rate (%) 25 | 3 47 12 47 17 Regions Visited 4 Branch Regions 1 Pre-discovered Areas . | . . . . . Known Exits Taken . | . . . . . Unknown Exits Taken 4 | 1 1 1 1 . Scrap Searched . | . . . . . Spaces Dug 6 | . . . 6 . Terrain Destroyed 45 | . . . 42 3 Melee . | . . . . . Projectile . | . . . . . AOE 45 | . . . 42 3 Terrain Rammed . | . . . . . Walls Destroyed . | . . . . . Machines Disabled . | . . . . . Actions | -11 -10 -10 -9 -8 --------- Run | Scr Mat Min Mat Mat Total 1264 | 41 312 34 598 279 Wait 69 | 1 8 5 43 12 Move 928 | 28 252 26 425 197 Hop . | . . . . . Pick Up 48 | 6 8 1 27 6 Fast Attach 20 | 6 7 . 6 1 Attach 24 | . 2 . 14 8 Detach 2 | . . . 2 . Swap 8 | . 1 . 6 1 Drop 24 | . 5 2 10 7 Fire 141 | . 29 . 65 47 Melee . | . . . . . Ram . | . . . . . Kick . | . . . . . Crush . | . . . . . Escape Stasis . | . . . . . Rewire . | . . . . . Trap . | . . . . . Miscellaneous . | . . . . . Route ------- -11/Scrapyard -10/Materials (discovered 2 exits: [*Mat] / [*Min]) -10/Mines -9/Materials (discovered 2 exits: *Mat / [*Min]) -8/Materials History --------- Turn | Location | Event 20 | -11/Scrapyard | Discovered new exit (range 16) 48 | -11/Scrapyard | Entered Materials 51 | -10/Materials | Discovered new exit (range 11) 239 | -10/Materials | Core integrity fell below 50% 271 | -10/Materials | Discovered new exit (range 16) 317 | -10/Materials | Build established: Mutant 467 | -10/Materials | Entered Mines 474 | -10/Mines | Received a Rocket Launcher from a helpful Derelict 497 | -10/Mines | Discovered new exit (range 7) 506 | -10/Mines | Entered Materials 506 | -9/Materials | Evolved 2 slots: Propulsion x2 994 | -9/Materials | Discovered new exit (range 10) 995 | -9/Materials | Lost 3 parts (2n1w) 1181 | -9/Materials | Build established: Scavenger-Mutant 1271 | -9/Materials | Discovered new exit (range 16) 1341 | -9/Materials | Entered another Materials area 1341 | -8/Materials | Evolved 2 slots: Utility x2 1796 | -8/Materials | Self-destructed Last Messages --------------- 01760_ ALERT: Hostiles spotted, dispatching reinforcements to Terminal M005. 01761_ Critical hit (Burn: +37). 01765_ G-47 Trooper destroyed. 01770_ Aluminum Leg destroyed. 01773_ Y-45 Defender suffers critical hit (Burn). 01774_ W-25 Informer sends out distress signal. 01774_ Imp. Heat Sink destroyed. 01776_ Y-45 Defender destroyed. 01781_ K-01 Serf collects debris. 01781_ Aluminum Leg destroyed. 01783_ Imp. EM Shotgun destroyed. 01783_ Critical hit (Burn: +37). 01785_ G-47 Trooper misfires. 01785_ K-01 Serf collects debris. 01787_ Chain reaction triggered in Lgt. Nuclear Core. 01791_ K-01 Serf collects debris. 01793_ Med. Armor Plating destroyed. 01794_ K-01 Serf collects debris. 01795_ Aluminum Leg destroyed. Map ----- +----------------------------------------------------+ | ????????????????????????????????????????? | | ????????????????????????????????????????? | | ????????????????????????????????????????? | | ????????????????????????????????????????? | | ????????????????????????????????????????? | | ????????????????????????????????????????? | | ????????????????????????????????????????? | | ????????????????????????????????????????? | | ????????????????????????????????????????? | | ????????????????????????????????????????? | | ???????????????#######??????????????????? | | ??????????????? #??????????????????? | | ??????????????? ##?????????????????? | | ??????????????? ?????????????????? | | ??????????????? T ??????????????????? | | ??????????????? ??????????????????? | | ???????????????k ! ???????????????????? | | ??????????????? ![%=???????????????????? | | ???????????????#g%gg????????????????????? | | ???????????????#%g*;????????????????????? | | ???????????????#=!=#????????????????????? | | ???????????????# #????????????????????? | | ???????????????# #????????????????????? | | ???????????????# k#????????????????????? | | ???????????????# #????????????????????? | | ???????????????#@ #????????????????????? | | ???????????????# #????????????????????? | | ???????????????# #????????????????????? | | ???????????????# #????????????????????? | | ???????????????# #????????????????????? | | ???????????????# #????????????????????? | | ???????????????# #????????????????????? | | ???????????????# #????????????????????? | | ???????????????# #????????????????????? | | ############???# ############?????????? | | # ## #?# ## #?????????? | | # """ #? ## ## #?????????? | | # """ ###+## #* #?????????? | | # """ # % #= #?????????? | | #[ + ^ % += " #?????????? | | # # = #[""" ! #?????????? | | # ### #[""" #?????????? | | # "Y" !##" #%!! "T" #?##??????? | | # """ ##T ###+######## #??????? | | ?#####+####"*! #?# # !! #??????? | | ?????# #??##!] #?# # !! T #??????? | | ?????# #??## ### # ! #??????? | | ?????# #??# *%! #!| #??????? | | ?????# #??# ! == = #??????? | | ?????# #??# *[[ #%]= """ #??????? | +----------------------------------------------------+ Best States ------------- Heat Dissipation 45 Energy Generation 12 Energy Capacity 265 Matter Stores 300 Matter Capacity 300 Sight Range 18 Terrain Scan Density 10 Armor Coverage 225 Evasion (%) 55 Item Schematics ----------------- None Robot Schematics ------------------ None Fabricated ------------ Nothing Alien Tech Used ----------------- None Achievements -------------- None Challenges ------------ None Game ------ Seed LaserDirtyPick Manual? 0 Play Time 00:15:04 Cumulative 132.7 hours Start 2021.09.05 @ 22:22:02 End 2021.09.05 @ 22:36:47 Sessions 1 Manual Loads 0 Difficulty Rogue Special Mode None Game No. 84 Rogue 84 Adventurer 0 Explorer 0 Win Type - Total 1 Types 1/0/0/0/0/0/0/0/0 Lore% 52 Gallery% 68 Achievement% 46 Wizard Run 0 Options --------- ASCII 0 Keyboard 1 Movement Numpad Keybinds 0 Fullscreen 1 Font 18/SmallcapsGlow Map View 76x50 Tactical HUD 1 Map Filters NONE Filters NONE Steam 1 RUN: 8421f8d1-ed0c-4bd1-8e2d-0e0b7b3f6e84